 Dungeon Crawl Stone Soup version 0.29.0-4-gdea44cf6ec (webtiles) character file.

Game seed: 6879342777234859562

112 qw the Chopper (level 4, -5/26 HPs)
             Began as a Tengu Warper on Aug 28, 2022.
             Slain by Duvessa
             ... wielding a +0 short sword
              (8 damage)
             ... on level 4 of the Dungeon.
             The game lasted 00:00:15 (3886 turns).

qw the Chopper (Tengu Warper)                       Turns: 3886, Time: 00:00:16

Health: -5/26      AC: 10    Str: 14    XL:     4   Next: 95%
Magic:  8/8        EV:  4    Int: 13    God:
Gold:   150        SH:  0    Dex: 13    Spells: 7/7 levels left

rFire   . . .      SeeInvis .   Y - +0 hand axe
rCold   + . .      Faith    .   (no shield)
rNeg    . . .      Spirit   .   f - +0 plate armour
rPois   +          Reflect  .   (helmet restricted)
rElec   .          Harm     .   (no cloak)
rCorr   .          Rampage  .   (no gloves)
Will    .....                   (boots unavailable)
Stlth   ..........              (no amulet)
HPRegen 0.08/turn               b - ring of protection from cold
MPRegen 0.11/turn               m - ring of poison resistance

@: no status effects
A: beak, talons 3
a: no special abilities


You were on level 4 of the Dungeon.
You visited 1 branch of the dungeon, and saw 4 of its levels.

You collected 150 gold pieces.


Innate Abilities, Weirdness & Mutations

You have a beak for a mouth.
You have claws for feet.


   Skills:
 - Level 2.0 Fighting
 - Level 5.4 Axes
 - Level 1.0 Throwing
 + Level 1.1 Armour
 - Level 2.1 Dodging
 - Level 2.0 Spellcasting
 - Level 2.4 Translocations


You had 7 spell levels left.
You didn't know any spells.
Your spell library contained the following spells:

 Spells                   Type           Power      Damage    Failure   Level
 Blink                    Tloc           14%        N/A       100%        2
 Gell's Gravitas          Tloc           7%         N/A       100%        3
 Lesser Beckoning         Tloc           7%         N/A       100%        3
 Teleport Other           Tloc           7%         N/A       100%        3
 Manifold Assault         Tloc           7%         N/A       100%        5

Inventory:

Hand Weapons
 j - a +0 mace
 Y - a +0 hand axe (weapon)
Armour
 f - a +0 plate armour (worn)
Jewellery
 b - a ring of protection from cold (left hand)
 c - a ring of protection from cold
 m - a ring of poison resistance (right hand)
Scrolls
 k - a scroll of identify
Potions
 a - a potion of curing
 g - a potion of heal wounds {unknown}
 h - a potion of degeneration {unknown}
 i - a potion of might {unknown}

Dungeon Overview and Level Annotations

Branches:
Dungeon (4/15)
 Temple: D:4-7

Altars:
Elyvilon
Sif Muna

Annotations:
D:3 1 runed translucent door, qw's ghost, amateur TeWr
D:4 Dowan; Duvessa


Message History

Found 13 gold pieces, a club and a scroll of identify.
There is a stone staircase leading up here.
There are monsters nearby!
Existing waypoints: (1) D:2 (2) D:3 Assign waypoint to what number? (0-9, D - delete waypoint) Waypoint 1 re-assigned from D:2 to D:4.
Enter note: A hound comes into view.
Duvessa hits you with a +0 short sword.
You barely miss Duvessa. Your peck misses Duvessa.
Dowan points at you and mumbles some strange words.
The puff of flame hits you. Duvessa hits you but does no damage.
You barely miss Duvessa. Your kick misses Duvessa. Duvessa barely misses you.
You closely miss Duvessa. You punch Duvessa, but do no damage.
You hit Dowan but do no damage. Dowan hits you with a +0 dagger.
Duvessa hits you but does no damage.
You barely miss Duvessa. You claw Duvessa, but do no damage. You peck Duvessa.
Duvessa is lightly wounded.
You hit Dowan. The hound barely misses you.
Dowan smirks and points a slender finger.
Dowan gestures at you while chanting. The puff of frost hits you. You resist.
Duvessa hits you with a +0 short sword.
You hit Duvessa but do no damage. You peck Duvessa.
Duvessa is lightly wounded.
You barely miss the hound. You hit Dowan but do no damage. The hound bites you.
A quokka comes into view.
Dowan hits you but does no damage. Duvessa hits you with a +0 short sword.
You hit Duvessa but do no damage.
Duvessa is lightly wounded.
You closely miss the scorpion. You closely miss the hound. You hit Dowan.
The hound completely misses you. The scorpion stings you.
A quokka comes into view.
Dowan gestures at you while chanting.
The puff of flame hits you but does no damage.
The hound bites you but does no damage. Duvessa hits you with a +0 short sword!
You die...

.. ... #######
....####.......
....#...)......
#.............
#.............
##............
#..##.<.......
#..$@s........
#..eeh........
#..............
#...............
#...........r...
#...............
#...........?...
#........r.....


You could see Duvessa, Dowan, a scorpion, a hound and 2 quokkas.

Vanquished Creatures
  An iguana (D:3)
  4 adders
  A dart slug (D:1)
  3 orcs (D:3)
  4 ball pythons
  9 endoplasms
  A giant cockroach (D:2)
  2 goblins (D:2)
  5 hobgoblins
  2 quokkas
  3 bats
  2 frilled lizards
  4 kobolds
  4 rats
45 creatures vanquished.

Notes
Turn   | Place    | Note
-------+----------+-------------------------------------------
     0 | D:1      | qw the Tengu Warper began the quest for the Orb.
     0 | D:1      | Reached XP level 1. HP: 12/12 MP: 4/4
     0 | D:1      | 0 ||| qw: Version: 0.1-a-89-g26bdef1
     0 | D:1      | 0 ||| qw: Game counter: 2736
     0 | D:1      | 0 ||| qw: Always use a shield: true
     0 | D:1      | 0 ||| qw: God list: Okawaru
     0 | D:1      | 0 ||| qw: Allow faded altars: false
     0 | D:1      | 0 ||| qw: Do Orc after D:15 true
     0 | D:1      | 0 ||| qw: Do second Lair branch before Depths: true
     0 | D:1      | 0 ||| qw: Lair rune preference: random
     0 | D:1      | 0 ||| qw: Plans: Normal
     0 | D:1      | 0 ||| PLANNING D:1-11
   360 | D:1      | 360 ||| Stepping ~*~*~tactically~*~*~ (hiding).
   462 | D:1      | 462 ||| Stepping ~*~*~tactically~*~*~ (hiding).
   564 | D:1      | 564 ||| Stepping ~*~*~tactically~*~*~ (hiding).
   575 | D:1      | Reached skill level 3 in Axes
   575 | D:1      | Reached XP level 2. HP: 16/17 MP: 6/6
  1624 | D:1      | 1624 ||| UPGRADING to ring of protection from cold.
  1625 | D:1      | 1625 ||| READING scroll labelled ECWA DIYHUEL.
  1628 | D:1      | 1628 ||| READING scroll labelled MASEIH FUWNI.
  1629 | D:1      | 1629 ||| DROPPING scroll of blinking.
  1681 | D:2      | 1681 ||| Stepping ~*~*~tactically~*~*~ (stealth).
  1690 | D:2      | 1690 ||| Stepping ~*~*~tactically~*~*~ (stealth).
  1765 | D:2      | Reached XP level 3. HP: 8/21 MP: 7/7
  2021 | D:2      | Reached skill level 4 in Axes
  2316 | D:2      | Found a faded altar of an unknown god.
  2474 | D:2      | Reached XP level 4. HP: 11/26 MP: 8/8
  2477 | D:2      | HP: 6/26 [poisoned by an adder]
  2795 | D:2      | 2795 ||| UPGRADING to +0 ring mail.
  2805 | D:2      | 2805 ||| DROPPING +0 leather armour.
  2806 | D:2      | 2806 ||| UPGRADING to +1 ring mail of poison resistance.
  2816 | D:2      | 2816 ||| DROPPING +0 ring mail.
  2817 | D:2      | 2817 ||| UPGRADING to ring of protection from cold.
  2818 | D:2      | 2818 ||| READING scroll labelled XURGHO YRAALEX.
  2819 | D:2      | 2819 ||| READING 2 scrolls labelled TESEKA MEOWKIRCH.
  2839 | D:3      | 2839 ||| Stepping ~*~*~tactically~*~*~ (stealth).
  2905 | D:3      | Found a shimmering blue altar of Sif Muna.
  2938 | D:3      | Reached skill level 5 in Axes
  2959 | D:3      | 2959 ||| Stepping ~*~*~tactically~*~*~ (stealth).
  3026 | D:3      | Identified the +3 short sword of Patterns {spect, rN+ rCorr
                  | Int-4 Dex+7}
  3499 | D:3      | Found a runed translucent door.
  3503 | D:3      | Noticed a bullfrog
  3506 | D:3      | Noticed qw's ghost (amateur TeWr)
  3574 | D:3      | Found a white marble altar of Elyvilon.
  3817 | D:3      | 3817 ||| UPGRADING to +0 plate armour.
  3827 | D:3      | 3827 ||| DROPPING +1 ring mail of poison resistance.
  3828 | D:3      | 3828 ||| UPGRADING to ring of poison resistance.
  3830 | D:3      | 3830 ||| READING 2 scrolls labelled AHOTI RERRYO.
  3831 | D:3      | 3831 ||| DRINKING 2 smoky amethyst potions.
  3832 | D:3      | 3832 ||| READING 2 scrolls of identify.
  3832 | D:3      | 3832 ||| IDENTIFYING glowing golden potion
  3833 | D:3      | 3833 ||| DROPPING scroll of magic mapping.
  3834 | D:3      | 3834 ||| DROPPING potion of magic.
  3878 | D:4      | Noticed Duvessa
  3878 | D:4      | Noticed Dowan
  3878 | D:4      | Noticed a scorpion
  3886 | D:4      | HP: 3/26 [scorpion (4)]
  3886 | D:4      | Slain by Duvessa

Levels and vault maps discovered:
D:1:      reono_arrival_forest_river, layout_basic,
          chequers_serial_rivers_small_b
D:2:      layout_rooms, hellmonk_ecumenical_altar_prayer_group,
          minmay_tetromino_s4
D:3:      layout_loops_ring, elyvilon_altar_4,
          mainiacjoe_overflow_small_starburst, ebering_ghost_sewer_d
D:4:      layout_rooms, temple_doors_e, uniq_duvessa, uniq_sigmund

Skill      XL: |  1  2  3  4 |
---------------+-------------+-----
Axes           | 3 4 5 |  5.4
Fighting       | |  2.0
Throwing       | |  1.0
Armour         | |  1.1
Dodging        | |  2.1
Spellcasting   | |  2.0
Translocations | |  2.4

Action                   |  1- 3 |  4- 6 || total
-------------------------+-------+-------++-------
Melee: Hand axe          |    91 |    34 ||   125
       Peck              |    17 |     6 ||    23
       Kick              |    13 |    12 ||    25
       Punch             |       |     2 ||     2
Throw: Boomerang         |     7 |       ||     7
  Use: Scroll            |     2 |     4 ||     6
       Potion            |       |     1 ||     1
Armor: Leather armour    |    16 |     1 ||    17
       Ring mail         |       |     6 ||     6
       Plate armour      |       |     5 ||     5
Dodge: Dodged            |    41 |    10 ||    51

Table legend:
 A = Non-vault XP
 B = Vault XP
 C = Vault XP percentage of total XP
 D = Non-vault monster count
 E = Vault monster count
 F = Vault count percentage of total count
                 A         B        C        D         E       F
            +---------+---------+-------+---------+---------+-------
      Total |     136 |      25 |  15.5 |      38 |       7 |  15.6
            +---------+---------+-------+---------+---------+-------
        D:1 |      24 |       0 |   0.0 |      14 |       0 |   0.0
        D:2 |      45 |      25 |  35.7 |      13 |       7 |  35.0
        D:3 |      67 |       0 |   0.0 |      11 |       0 |   0.0
            +---------+---------+-------+---------+---------+-------
